 Dungeon Crawl Stone Soup version 0.19.1 (webtiles) character file.

137 aspy the Chiller (level 5, -1/38 HPs)
             Began as a Hill Orc Ice Elementalist on Dec 16, 2016.
             Was a Follower of Kikubaaqudgha.
             Slain by Grinder (8 damage)
             ... while paralysed by Grinder
             ... on level 3 of the Dungeon.
             The game lasted 00:29:23 (2590 turns).

aspy the Chiller (Hill Orc Ice Elementalist)        Turns: 2590, Time: 00:29:23

Health: -1/38      AC:  2    Str: 11    XL:     5   Next: 20%
Magic:  8/8        EV:  2    Int: 16    God:    Kikubaaqudgha [*.....]
Gold:   83         SH:  0    Dex: 11    Spells: 4 memorised, 0 levels left

rFire  . . .     SeeInvis .     b - +1 dagger (elec)
rCold  + . .     Gourm    .     x - +0 robe
rNeg   . . .     Faith    .     (no shield)
rPois  .         Spirit   .     (no helmet)
rElec  .         Reflect  .     (no cloak)
rCorr  .         Harm     .     (no gloves)
MR     .....                    (no boots)
Stlth  ++........               (no amulet)
                                (no ring)
                                w - ring of protection from cold

@: paralysed, exhausted, slowed
A: no striking features
a: Receive Corpses, Renounce Religion


You were on level 3 of the Dungeon.
You worshipped Kikubaaqudgha.
Kikubaaqudgha was aware of your devotion.
You were not hungry.

You visited 1 branch of the dungeon, and saw 3 of its levels.

You collected 83 gold pieces.

Inventory:

Hand Weapons
 a - a +0 hunting sling
 b - a +1 dagger of electrocution (weapon)
 s - a +0 short sword
Missiles
 h - 3 javelins (quivered)
 k - 43 sling bullets
 m - 15 poisoned needles
Armour
 x - a +0 robe (worn)
Jewellery
 w - a ring of protection from cold (left hand)
Scrolls
 d - a scroll of immolation {unknown}
 f - a scroll of fog {unknown}
 g - a scroll of remove curse {unknown}
 q - 2 scrolls of teleportation {unknown}
 r - 2 scrolls of recharging
 v - a scroll of amnesia {unknown}
 y - a scroll of magic mapping {unknown}
Potions
 e - 2 potions of curing
 j - a potion of resistance
 p - a potion of lignification
 t - a potion of mutation
Books
 c - Kikubaaqudgha's Grimoire of Evil Arts
   (Kikubaaqudgha gifted it to you on level 2 of the Dungeon)

   Spells                             Type                      Level
   a - Pain                           Necromancy                   1
   b - Corpse Rot                     Necromancy                   2
   c - Sublimation of Blood           Necromancy                   2
   d - Vampiric Draining              Necromancy                   3
   e - Control Undead                 Necromancy                   4
 l - a book of Frost

   Spells                             Type                      Level
   a - Freeze                         Ice                          1
   b - Throw Frost                    Conjuration/Ice              2
   c - Ozocubu's Armour               Charms/Ice                   3
   d - Throw Icicle                   Conjuration/Ice              4
   e - Summon Ice Beast               Ice/Summoning                4
Comestibles
 i - 2 beef jerkies
 n - a meat ration
 u - a slice of pizza


   Skills:
 + Level 2.0 Dodging
 - Level 1.5 Stealth
 - Level 2.0 Spellcasting
 - Level 1.3 Conjurations
 * Level 1.9 Necromancy
 - Level 4.1 Ice Magic


You couldn't memorise any spells.
You knew the following spells:

 Your Spells              Type           Power        Failure   Level  Hunger
a - Throw Frost           Conj/Ice       ##....       12%         2    ###....
c - Corpse Rot            Necr           N/A          17%         2    ###....
o - Ozocubu's Armour      Chrm/Ice       #.......     28%         3    ###....
z - Freeze                Ice            ###.         4%          1    #......


Dungeon Overview and Level Annotations

Branches:
Dungeon (3/15)

Altars:
Elyvilon
Hepliaklqana
Kikubaaqudgha
Okawaru
Ru
Sif Muna

Annotations:
D:2 Sigmund
D:3 Grinder


Message History

Grinder is moderately wounded.
Grinder blinks! x2
You barely miss Grinder.
Grinder is moderately wounded.
Grinder hits you.
* * * LOW HITPOINT WARNING * * *
You writhe in agony.
* * * LOW HITPOINT WARNING * * *
Grinder barely misses you.
You closely miss Grinder.
Grinder is moderately wounded.
Grinder gestures at you.
You suddenly lose the ability to move!
Grinder hits you!
* * * LOW HITPOINT WARNING * * *
You writhe in agony.
* * * LOW HITPOINT WARNING * * *
Grinder hits you!
You die...
Kikubaaqudgha rasps: "You have failed me!
Welcome... death!"

#.######[#######
...............#
...............#
........)......#
...............#
...####..###########
...##.....)........#
...##.#............#
...##.#.........@5.#
....#..............#
....###............#
....###..(.........#
........(..........#
#.#.....(###########
#.#...........
#.#...........
....####......


You could see Grinder.

Vanquished Creatures
  2 orc wizards (D:3)
  An adder (D:2)
  An ooze (D:1)
  3 dart slugs
  A leopard gecko (D:1)
  6 orcs (D:3)
  A ball python (D:2)
  5 bats
  2 giant cockroaches
  8 goblins
  8 hobgoblins
  5 kobolds
  A quokka (D:2)
  5 frilled lizards
  7 rats
56 creatures vanquished.

Notes
Turn   | Place    | Note
-------+----------+-------------------------------------------
     0 | D:1      | aspy the Hill Orc Ice Elementalist began the quest for the Orb.
     0 | D:1      | Reached XP level 1. HP: 14/14 MP: 3/3
   173 | D:1      | Reached skill level 3 in Ice Magic
   173 | D:1      | Reached XP level 2. HP: 15/20 MP: 0/4
   177 | D:1      | Learned a level 2 spell: Throw Frost
   622 | D:1      | Reached XP level 3. HP: 25/26 MP: 2/6
   634 | D:1      | Learned a level 3 spell: Ozocubu's Armour
  1015 | D:2      | Found an iron altar of Okawaru.
  1080 | D:2      | Found a white marble altar of Elyvilon.
  1080 | D:2      | Found an ancient bone altar of Kikubaaqudgha.
  1091 | D:2      | Found a deep blue altar of Sif Muna.
  1094 | D:2      | Became a worshipper of Kikubaaqudgha
  1132 | D:2      | Found a sacrificial altar of Ru.
  1133 | D:2      | Found a hazy altar of Hepliaklqana.
  1434 | D:2      | Noticed Sigmund
  1657 | D:2      | Reached XP level 4. HP: 33/33 MP: 5/7
  1751 | D:2      | Reached skill level 4 in Ice Magic
  1969 | D:3      | Noticed Grinder
  1969 | D:3      | Paralysed by Grinder for 6 turns
  1983 | D:3      | Paralysed by Grinder for 2 turns
  2182 | D:2      | Reached * piety under Kikubaaqudgha
  2182 | D:2      | Identified Kikubaaqudgha's Grimoire of Evil Arts (Kikubaaqudgha gifted it to you on level 2 of the Dungeon)
  2182 | D:2      | Received a gift from Kikubaaqudgha
  2280 | D:3      | Reached skill level 1 in Necromancy
  2297 | D:3      | Reached XP level 5. HP: 18/38 MP: 2/8
  2372 | D:3      | Learned a level 2 spell: Corpse Rot
  2588 | D:3      | Paralysed by Grinder for 5 turns
  2590 | D:3      | Slain by Grinder

Skill      XL: |  1  2  3  4 |
---------------+-------------+-----
Ice Magic      | 3 4 |  4.1
Spellcasting   | 2 |  2.0
Necromancy     | 1 |  1.9
Dodging        | 2 |  2.0
Stealth        | |  1.5
Conjurations   | |  1.3

Action                   |  1- 3 |  4- 6 || total
-------------------------+-------+-------++-------
Melee: Unarmed           |     1 |       ||     1
       Short sword       |     2 |     2 ||     4
       Dagger            |       |     9 ||     9
 Fire: Hunting sling     |       |    19 ||    19
Throw: Javelin           |     3 |     2 ||     5
 Cast: Freeze            |    54 |    28 ||    82
       Throw Frost       |     2 |     1 ||     3
  Use: Scroll            |     5 |     2 ||     7
       Potion            |       |     3 ||     3
 Stab: Sleeping          |     2 |       ||     2
  Eat: Chunk             |     3 |     1 ||     4
       Bread ration      |       |     1 ||     1
Armor: Robe              |     3 |     4 ||     7
Dodge: Dodged            |    28 |    18 ||    46
